 Dungeon Crawl Stone Soup version 0.18.1-48-g4cf74bf (webtiles) character file.

100 atgrul the Conjurer (level 4, -2/35 HPs)
             Began as a Draconian Conjurer on Aug 24, 2016.
             Slain by Terence
             ... wielding a +0 morningstar
              (13 damage)
             ... on level 2 of the Dungeon.
             The game lasted 00:04:54 (1313 turns).

atgrul the Conjurer (Draconian Conjurer)            Turns: 1313, Time: 00:04:54

Health: -2/35      AC:  5    Str: 11    XL:     4   Next: 46%
Magic:  3/7        EV: 12    Int: 15    God:
Gold:   127        SH:  0    Dex: 12    Spells: 1 memorised, 6 levels left

rFire  + . .     SeeInvis .     c - +0 spear
rCold  x . .     Gourm    .     (armour unavailable)
rNeg   . . .     Faith    .     (no shield)
rPois  .         Spirit   .     (helmet restricted)
rElec  .         Dismiss  .     (no cloak)
rCorr  .         Reflect  .     (no gloves)
SustAt .         Harm     .     (no boots)
MR     .....                    (no amulet)
Stlth  ++........               (no ring)
                                n - ring of fire

@: not resistant to hostile enchantments, unstealthy
A: unfitting armour, cold-blooded, AC +5
a: no special abilities


You were on level 2 of the Dungeon.
You were not hungry.

You visited 1 branch of the dungeon, and saw 2 of its levels.

You collected 127 gold pieces.

Inventory:

Hand Weapons
 c - a +0 spear (weapon)
Jewellery
 n - a ring of fire (left hand)
Scrolls
 d - a scroll of identify
 e - 2 scrolls of teleportation
 h - a scroll of remove curse
 k - a scroll of magic mapping
 l - a scroll of enchant armour
 m - a scroll of recharging {unknown}
Potions
 i - a potion of lignification
 o - a potion of agility {unknown}
Books
 a - a book of Conjurations

   Spells                             Type                      Level
   a - Magic Dart                     Conjuration                  1
   b - Searing Ray                    Conjuration                  2
   c - Dazzling Spray                 Conjuration/Hexes            3
   d - Fulminant Prism                Conjuration/Hexes            4
   e - Iskenderun's Mystic Blast      Conjuration                  4
   f - Iskenderun's Battlesphere      Conjuration/Charms           5
Comestibles
 b - 4 bread rations
 f - 4 chunks of flesh
 g - 2 slices of pizza
 j - a beef jerky


   Skills:
 * Level 1.3 Fighting
 - Level 0.2 Polearms
 - Level 1.8 Dodging
 - Level 1.8 Stealth
 + Level 2.4 Spellcasting
 + Level 5.4 Conjurations


You had 6 spell levels left.
You knew the following spells:

 Your Spells              Type           Power        Failure   Level  Hunger
a - Magic Dart            Conj           ###.         1%          1    #......


Dungeon Overview and Level Annotations

Branches:
Dungeon (2/15)

Altars:

Annotations:
D:2 Terence


Innate Abilities, Weirdness & Mutations

Your plain brown scales are hard (AC +5).
Your body does not fit into most forms of armour.
You are cold-blooded and may be slowed by cold attacks.


Message History

The magic dart hits Terence.
Terence is moderately wounded.
Casting: Magic Dart
Confirm with . or Enter, or press ? or * to list all spells.
Aiming: Magic Dart
Press: ? - help, Shift-Dir - straight line, f/p - Terence
Aim: Terence, wielding a morningstar and wearing a chain mail (moderately wounded, berserk, fast, unusually strong)
The magic dart hits Terence.
Terence is moderately wounded.
Terence hits you with a morningstar!!
Ouch! That really hurt!
Terence hits you with a morningstar.
* * * LOW HITPOINT WARNING * * *
You see here a stone.
Terence misses you. Terence barely misses you.
Terence hits you but does no damage.
Terence rages.
Terence hits you with a morningstar!
You die...

.# #<)....# .#####......#
......รท.....# .......)##.##
########## ####.......#
#......... #.......#
#.######## ####.......# #.#
...........# ### #.#####
...........# ##@## #.....#
###........####.#@##
#.###.####
...............###.# #.# ....
###.#.....#####.#.## #.# ###
#.......# ##.#######.########
###.#...# #.................
#.#..#######.######......####
#.#..##.(................#
#.#..##(####.#######...#.#


You could see Terence (berserk).

Vanquished Creatures
  5 adders
  A dart slug (D:2)
  2 giant geckos
  3 giant cockroaches
  2 goblins (D:1)
  7 hobgoblins
  6 jackals (D:1)
  7 bats
  3 giant newts
  9 kobolds
  5 rats
50 creatures vanquished.

Notes
Turn   | Place    | Note
--------------------------------------------------------------
     0 | D:1      | atgrul the Draconian Conjurer began the quest for the Orb.
     0 | D:1      | Reached XP level 1. HP: 14/14 MP: 3/3
   182 | D:1      | Reached XP level 2. HP: 10/20 MP: 1/5
   583 | D:1      | Reached XP level 3. HP: 25/27 MP: 6/6
   770 | D:2      | Noticed Terence
   826 | D:2      | Reached skill level 5 in Conjurations
   958 | D:2      | Reached skill level 1 in Fighting
   958 | D:2      | Reached XP level 4. HP: 27/35 MP: 3/7
  1313 | D:2      | Slain by Terence

Skill      XL: |  1  2  3 |
---------------+----------+-----
Conjurations   | 5 |  5.4
Fighting       | 1 |  1.3
Polearms       | |  0.2
Dodging        | |  1.8
Stealth        | |  1.8
Spellcasting   | |  2.4

Action                   |  1- 3 |  4- 6 || total
-------------------------+-------+-------++-------
Melee: Spear             |    90 |    41 ||   131
       Tailslap          |     8 |     5 ||    13
 Cast: Magic Dart        |    24 |    10 ||    34
  Use: Scroll            |     3 |     2 ||     5
 Stab: Sleeping          |     1 |     2 ||     3
  Eat: Chunk             |     1 |     1 ||     2
Armor: Skin              |    30 |    17 ||    47
Dodge: Dodged            |    69 |    27 ||    96
